 Dungeon Crawl Stone Soup version 0.32-a0-30-gefbe487952 (webtiles) character file.

Game seed: 3722378512986792877

13594 pokeman the Eclecticist (level 11, -8/62 HPs)
             Began as a Deep Elf Hedge Wizard on Jan 19, 2024.
             Was a High Priest of Vehumet.
             Hit by a javelin thrown by Urug (21 damage)
             ... on level 11 of the Dungeon.
             The game lasted 00:28:29 (9979 turns).

pokeman the Eclecticist (Deep Elf Hedge Wizard)     Turns: 9979, Time: 00:28:29

Health: -8/62      AC: 13    Str:  7    XL:     11   Next: 77%
Magic:  13/33      EV: 11    Int: 24    God:    Vehumet [*****.]
Gold:   652        SH:  0    Dex: 14    Spells: 21/42 levels left

rFire   . . .        f - +1 dagger (venom)
rCold   . . .        (no shield)
rNeg    . . .        L - +0 acid dragon scales
rPois   .            m - +0 helmet
rElec   .            a - +0 cloak
rCorr   +            P - +1 pair of gloves
SInv    .            u - +0 pair of boots
Will    +....        h - amulet of magic regeneration
Stlth   ++           g - ring of wizardry
HPRegen 0.30/turn    y - ring of wizardry
MPRegen 0.63/turn

%: wizardry (x2)
@: no status effects
A: no striking features
a: Renounce Religion


You were on level 11 of the Dungeon.
You worshipped Vehumet.
Vehumet was extremely pleased with you.
You visited 1 branch of the dungeon, and saw 11 of its levels.

You collected 694 gold pieces.
You spent 42 gold pieces at shops.

Inventory:

Hand Weapons
 f - a +1 dagger of venom (weapon)
 p - a +2 quarterstaff of chaos
 W - the +7 mace of Variability {chaos, chaos arc}
   (You found it on level 10 of the Dungeon)
Missiles
 b - 6 throwing nets
Armour
 a - a +0 cloak (worn)
 c - a scarf of shadows
 m - a +0 helmet (worn)
 u - a +0 pair of boots (worn)
 L - +0 acid dragon scales (worn)
 P - a +1 pair of gloves (worn)
 U - a +2 robe of cold resistance
Jewellery
 g - a ring of wizardry (left hand)
 h - an amulet of magic regeneration (around neck)
 y - a ring of wizardry (right hand)
 z - a ring of flight
 F - a ring of see invisible
 I - a +6 ring of strength
 M - a ring of willpower
 Q - a ring of resist corrosion
 R - a ring of wizardry
 V - a ring of ice
Wands
 r - a wand of paralysis (16)
 B - a wand of polymorph (10)
 E - a wand of iceblast (14)
 G - a wand of flame (16)
 K - a wand of mindburst (20)
 T - a wand of quicksilver (8)
Scrolls
 e - 4 scrolls of teleportation
 k - 2 scrolls of immolation {unknown}
 l - a scroll of poison {unknown}
 n - 2 scrolls of enchant armour {unknown}
 o - 3 scrolls of enchant weapon {unknown}
 q - a scroll of noise {unknown}
 s - 2 scrolls of fog {unknown}
 t - a scroll of silence {unknown}
 w - a scroll of acquirement {unknown}
 x - 8 scrolls of identify {unknown}
 C - a scroll of revelation {unknown}
 H - a scroll of amnesia {unknown}
 S - a scroll of torment {unknown}
 X - a scroll of fear {unknown}
Potions
 d - a potion of magic
 i - a potion of ambrosia {unknown}
 j - 9 potions of curing {unknown}
 v - a potion of berserk rage {unknown}
 A - 7 potions of mutation {unknown}
 D - a potion of heal wounds {unknown}
 J - a potion of degeneration {unknown}
 N - a potion of attraction {unknown}
 O - a potion of enlightenment {unknown}


   Skills:
 + Level 4.7 Fighting
 - Level 5.0 Armour
 - Level 3.0 Dodging
 - Level 3.1 Stealth
 * Level 16.0 Spellcasting
 + Level 9.4 Conjurations
 - Level 1.1 Hexes
 - Level 1.1 Summonings
 - Level 1.1 Translocations
 + Level 8.6 Fire Magic
 - Level 1.1 Ice Magic
 - Level 1.1 Air Magic
 - Level 1.0 Earth Magic
 - Level 1.0 Alchemy
 - Level 1.0 Evocations


You had 21 spell levels left.
You knew the following spells:

 Your Spells              Type           Power      Damage    Failure   Level
a - Magic Dart            Conj           100%       1d8       1%          1
b - Mephitic Cloud        Conj/Alch/Air  37%        N/A       1%          3
c - Call Imp              Summ           48%        N/A       1%          2
d - Blink                 Tloc           48%        N/A       1%          2
e - Ignite Poison         Fire/Alch      42%        N/A       1%          4
f - Freezing Cloud        Conj/Ice/Air   19%        6-21      2%          5
g - Stone Arrow           Conj/Erth      88%        3d12      1%          3
x - Slow                  Hex            96%        N/A       1%          1

Your spell library contained the following spells:

 Spells                   Type           Power      Damage    Failure   Level
 Fulminant Prism          Conj/Alch      22%        3d12      1%          4
 Freeze                   Ice            96%        1d10      1%          1
 Kiss of Death            Conj/Necr      100%       2d13      1%          1
 Cigotuvi's Dreadful Rot  Necr/Alch/Air  44%        N/A       1%          2
 Frozen Ramparts          Ice            48%        1d8       1%          3
 Hailstorm                Conj/Ice       44%        3d9       1%          3
 Arcjolt                  Conj/Air       22%        1d32      1%          5
 Confusing Touch          Hex            24%        N/A       2%          3
 Plasma Beam              Fire/Air       21%        2x1d33    8%          6
 Manifold Assault         Tloc           24%        N/A       9%          4
 Passage of Golubria      Tloc           24%        N/A       9%          4
 Vhi's Electric Charge    Tloc/Air       48%        N/A       9%          4
 Dispel Undead            Necr           19%        3d11      13%         4
 Silence                  Hex/Air        12%        N/A       22%         5
 Summon Forest            Summ/Tloc      12%        N/A       22%         5
 Eringya's Noxious Bog    Alch           12%        4d6       28%         6
 Dispersal                Tloc           12%        N/A       71%         6
 Lehudib's Crystal Spear  Conj/Erth      22%        10d6      85%         8
 Summon Hydra             Summ           12%        N/A       99%         7
 Disjunction              Tloc           12%        N/A       100%        8


Dungeon Overview and Level Annotations

Branches:
Dungeon (11/15)            Temple (0/1) D:4            Lair (0/5) D:8
    Orc (0/2) D:11

Altars:
Ashenzari
Cheibriados
Dithmenos
Fedhas
Gozag
Kikubaaqudgha
Makhleb
Uskayaw
Vehumet
Xom
The Shining One

Shops:
D:7 ([*==

Annotations:
D:11 Urug


Message History

Urug seems less confused.
Urug is engulfed in freezing vapours.
Casting: Freezing Cloud (dangerous; 2% risk of failure)
Confirm with . or Enter, or press ? or * to list all spells.
Aiming: Mephitic Cloud (safe; 1% risk of failure)
Press: ? - help, Shift-Dir - straight line, f/p - Urug
Aim: Urug, wielding a +4 heavy broad axe, wearing a +3 scale mail of cold resistance and quivering javelins (heavily wounded, chance to affect: 58%)
The ball explodes into a vile cloud!
The stinking cloud engulfs Urug.
Urug is heavily wounded.
Urug is engulfed in noxious fumes.
Unknown command.
Unknown command.
Urug is engulfed in noxious fumes.
Urug barely misses you.
Unknown command.
You hit Urug but do no damage.
Urug is heavily wounded.
Unknown command.
You hit Urug but do no damage.
Urug is heavily wounded.
Urug closely misses you.
Unknown command.
Casting: Mephitic Cloud (safe; 1% risk of failure)
Confirm with . or Enter, or press ? or * to list all spells.
A tiny devil pulls itself out of the air.
Urug hits you with a +4 heavy broad axe!
* * * LOW HITPOINT WARNING * * *
Urug misses your cerulean imp.
Unknown command.
Your cerulean imp misses Urug.
Casting: Call Imp (safe; 1% risk of failure)
Confirm with . or Enter, or press ? or * to list all spells.
Aiming: Mephitic Cloud (safe; 1% risk of failure)
Press: ? - help, Shift-Dir - straight line, f/p - Urug
Aim: Urug, wielding a +4 heavy broad axe, wearing a +3 scale mail of cold resistance and quivering javelins (heavily wounded, ally target, chance to affect: 58%)
The ball explodes into a vile cloud!
The stinking cloud engulfs Urug.
Urug is heavily wounded.
The stinking cloud engulfs your cerulean imp.
Urug is engulfed in noxious fumes.
Urug throws a javelin.
The javelin pierces through you!!
You die...
Urug says, "One more harpy dead."

......'.......##.#
......#.#####.##.#
......#.# #.##.#
......#.# #.##.#
......... ##.##.#
.######## #.....#
.# #..#### .#
#☼5######### ####
#°☼o§@.....# ...##
#§########.#
.....#. ....
...#... ...#.#
...# #...#.#.#
#### #. # #.# # #
#.. # ## #


You could see Urug (ally target) and a friendly cerulean imp (summoned).

Vanquished Creatures
  Harold (D:9)
  Fannar (D:10)
  2 boulder beetles (D:11)
  A two-headed ogre (D:9)
  A gargoyle (D:8)
  A komodo dragon (D:8)
  4 trolls
  A hornet (D:11)
  Sigmund (D:5)
  3 shadows (D:11)
  A vampire (D:11)
  A wyvern (D:10)
  17 yaks
  3 steam dragons
  3 chaos spawn (D:10)
  2 acid dragons
  A water moccasin (D:6)
  An orc warrior (D:9)
  2 black bears
  A sky beast (D:8)
  An ogre (D:5)
  A centaur (D:8)
  2 ice beasts
  A phantom (D:7)
  6 bullfrogs
  A gnoll sergeant (D:8)
  4 scorpions
  5 wights (D:7)
  31 killer bees
  2 electric eels
  10 howler monkeys
  Crazy Yiuf (D:2)
  6 hounds
  A gnoll bouda (D:8)
  3 jellies
  3 orc priests
  3 sleepcaps
  7 orc wizards
  5 ogre zombies (D:11)
  Robin (D:2)
  11 gnolls
  7 adders
  2 white imps
  2 ufetubi (D:5)
  2 dart slugs
  A ribbon worm (D:2)
  22 orcs
  10 endoplasms
  14 giant cockroaches
  A gnoll zombie (D:11)
  11 goblins
  9 hobgoblins
  4 jackals
  5 quokkas
  4 ball pythons
  3 bats
  A frilled lizard (D:1)
  A gnoll skeleton (D:11)
  7 kobolds
  2 orc skeletons (D:11)
  10 orc zombies (D:11)
  3 rats
274 creatures vanquished.

Vanquished Creatures (collateral kills)
  A killer bee (D:8)
1 creature vanquished.

Grand Total: 275 creatures vanquished

Notes
Turn   | Place    | Note
-------+----------+-------------------------------------------
     0 | D:1      | pokeman the Deep Elf Hedge Wizard began the quest for the
                  | Orb.
     0 | D:1      | Reached XP level 1. HP: 10/10 MP: 7/7
   333 | D:1      | Reached XP level 2. HP: 12/16 MP: 2/9
   546 | D:1      | Reached skill level 5 in Spellcasting
   792 | D:1      | Reached XP level 3. HP: 20/20 MP: 9/11
   796 | D:1      | Learned a level 3 spell: Mephitic Cloud
   799 | D:1      | Learned a level 2 spell: Blink
   801 | D:1      | Learned a level 1 spell: Slow
   804 | D:1      | Learned a level 2 spell: Call Imp
  1386 | D:2      | Reached skill level 1 in Fighting
  1424 | D:2      | Noticed Robin
  1432 | D:2      | Reached skill level 1 in Armour
  1438 | D:2      | Killed Robin
  1460 | D:2      | Reached XP level 4. HP: 12/25 MP: 13/13
  1939 | D:2      | Identified the +0 scale mail "Calagg" {rF++}
  2195 | D:2      | Found a runed translucent door.
  2196 | D:2      | Noticed Crazy Yiuf
  2209 | D:2      | Killed Crazy Yiuf
  2210 | D:2      | Reached skill level 6 in Spellcasting
  2210 | D:2      | Reached XP level 5. HP: 24/29 MP: 12/15
  2505 | D:3      | Found a snail-covered altar of Cheibriados.
  3012 | D:4      | Reached skill level 1 in Hexes
  3074 | D:4      | Reached skill level 1 in Alchemy
  3074 | D:4      | Reached skill level 1 in Evocations
  3074 | D:4      | Reached XP level 6. HP: 34/34 MP: 13/17
  3077 | D:4      | Reached skill level 1 in Air Magic
  3279 | D:4      | Found a radiant altar of Vehumet.
  3287 | D:4      | Became a worshipper of Vehumet
  3343 | D:4      | Reached skill level 7 in Spellcasting
  3528 | D:4      | Reached XP level 7. HP: 34/39 MP: 13/20
  3734 | D:4      | Learned a level 4 spell: Ignite Poison
  3740 | D:4      | Learned a level 5 spell: Freezing Cloud
  3848 | D:4      | Found a staircase to the Ecumenical Temple.
  4144 | D:5      | Entered Level 5 of the Dungeon
  4144 | D:5      | Noticed Sigmund
  4171 | D:5      | Killed Sigmund
  4171 | D:5      | Reached * piety under Vehumet
  4171 | D:5      | Offered knowledge of Sting by Vehumet.
  4172 | D:5      | Reached skill level 8 in Spellcasting
  4172 | D:5      | Reached skill level 1 in Fire Magic
  4172 | D:5      | Reached skill level 1 in Ice Magic
  4399 | D:5      | Found a burning altar of Makhleb.
  4467 | D:5      | Found a shadowy altar of Dithmenos.
  4528 | D:5      | Reached XP level 8. HP: 44/44 MP: 19/22
  4564 | D:5      | Reached skill level 9 in Spellcasting
  5121 | D:6      | Reached skill level 5 in Conjurations
  5477 | D:6      | Reached skill level 10 in Spellcasting
  5904 | D:7      | Found Huxauha's General Store.
  5905 | D:7      | Found Doaprag's Weapon Emporium.
  5908 | D:7      | Found Sumada's Jewellery Shop.
  5912 | D:7      | Found Idiv's Armour Shoppe.
  5926 | D:7      | Reached XP level 9. HP: 39/49 MP: 20/25
  5962 | D:7      | Found Fasaots's Jewellery Boutique.
  5989 | D:7      | Bought a scroll of teleportation for 42 gold pieces
  6035 | D:7      | Reached ** piety under Vehumet
  6035 | D:7      | Offered knowledge of Static Discharge by Vehumet.
  6237 | D:7      | Reached skill level 11 in Spellcasting
  6455 | D:7      | Found a glowing golden altar of the Shining One.
  6458 | D:7      | Found an ancient bone altar of Kikubaaqudgha.
  6462 | D:7      | Found a broken altar of Ashenzari.
  6900 | D:8      | Identified the +1 ring mail "Gaguufi" {Str+3}
  7022 | D:8      | Found a hide-covered altar of Uskayaw.
  7038 | D:8      | Reached skill level 5 in Fire Magic
  7149 | D:8      | Reached skill level 12 in Spellcasting
  7185 | D:8      | Noticed a gargoyle
  7196 | D:8      | Killed a gargoyle
  7205 | D:8      | Offered knowledge of Volatile Blastmotes by Vehumet.
  7395 | D:8      | Reached XP level 10. HP: 56/56 MP: 28/28
  7686 | D:8      | Found a staircase to the Lair.
  7693 | D:8      | Reached skill level 13 in Spellcasting
  7761 | D:9      | Reached *** piety under Vehumet
  7862 | D:9      | Noticed Harold
  7869 | D:9      | Offered knowledge of Stone Arrow by Vehumet.
  7877 | D:9      | Killed Harold
  7908 | D:9      | Learned a level 3 spell: Stone Arrow
  8297 | D:9      | Reached skill level 14 in Spellcasting
  8359 | D:9      | Reached skill level 1 in Earth Magic
  8410 | D:9      | Found an opulent altar of Gozag.
  8498 | D:9      | Noticed a two-headed ogre
  8504 | D:9      | Killed a two-headed ogre
  8505 | D:9      | Reached XP level 11. HP: 61/61 MP: 23/31
  8586 | D:10     | Entered Level 10 of the Dungeon
  8637 | D:10     | Identified the +0 scale mail "Gegruz" {Harm rF+ Str-3
                  | Stlth+}
  8691 | D:10     | Noticed Fannar
  8707 | D:10     | Killed Fannar
  8730 | D:10     | Reached **** piety under Vehumet
  8883 | D:10     | Found a shimmering altar of Xom.
  8886 | D:10     | Found the +7 mace of Variability {chaos, chaos arc}
  9066 | D:10     | Found a blossoming altar of Fedhas.
  9111 | D:10     | Offered knowledge of Fulminant Prism by Vehumet.
  9113 | D:10     | Reached skill level 15 in Spellcasting
  9115 | D:10     | Reached skill level 5 in Armour
  9501 | D:11     | Noticed a boulder beetle
  9519 | D:11     | Killed a boulder beetle
  9645 | D:11     | Noticed a boulder beetle
  9661 | D:11     | Killed a boulder beetle
  9731 | D:11     | Found a staircase to the Orcish Mines.
  9775 | D:11     | Paralysed by a hornet for 1 turns
  9805 | D:11     | Reached ***** piety under Vehumet
  9956 | D:11     | Noticed Urug
  9964 | D:11     | Reached skill level 16 in Spellcasting
  9979 | D:11     | Hit by a javelin thrown by Urug

Illustrated notes

Levels and vault maps discovered:
D:1:      tekkud_arrival_beachfront_property, layout_loops_ring,
          serial_co_window_serial, co_window_corner_a,
          co_window_of_opportunity_a, co_window_of_opportunity_a,
          co_window_paths_a, co_window_of_opportunity_a, co_window_corner_a,
          co_window_paths_b, co_window_2corner, co_window_paths_c,
          co_window_2corner, co_window_broadway_b, co_window_broadway_c,
          glass_columns_c, glass_columns_a, glass_columns_a, glass_columns_b,
          glass_columns_c
D:2:      minmay_roachtagon, layout_loops_ring, uniq_crazy_yiuf_cottage,
          uniq_robin
D:3:      layout_basic, mainiacjoe_overflow_boulevard
D:4:      layout_basic, old_standard_altar, minmay_temple_entry_large_hall,
          minmay_misc_feat_square, roderic_lattice_a
D:5:      layout_cave_pods, mainiacjoe_overflow_alcove_4,
          makhleb_heckhound_becter, uniq_sigmund
D:6:      layout_loops_ring, serial_glass, glass_columns_a, glass_columns_a
D:7:      layout_loops_ring, grunt_temple_overflow_diamond,
          hangedman_decor_clover_reticule, eino_curves_04,
          nicolae_shop_national_dungeon_mall, hex_tiny
D:8:      layout_cave_pods, nicolae_overflow_crystal_walls, david_lair_shrubbed,
          small_statue_intersection, minmay_crystal_room
D:9:      layout_rooms, marbit_many_paths, uniq_harold
D:10:     layout_loops_cross, fedhas_altar_2, minivault_4,
          minmay_guarded_unrand_variability, uniq_fannar
D:11:     layout_basic, zombieorc1_lemuel, nicolae_shop_gadgets, uniq_grum,
          uniq_urug

Skill      XL: |  1  2  3  4  5  6  7  8  9 10 11 |
---------------+----------------------------------+-----
Spellcasting   | 5 6 7 8 10 12 14 16 | 16.0
Fighting       | 1 2 3 4 |  4.7
Armour         | 1 2 3 4 5 |  5.0
Conjurations   | 2 3 4 5 7 8 9 |  9.4
Dodging        | 3 |  3.0
Hexes          | 1 |  1.1
Alchemy        | 1 |  1.0
Evocations     | 1 |  1.0
Stealth        | 3 |  3.1
Air Magic      | 1 |  1.1
Fire Magic     | 2 4 5 7 8 |  8.6
Ice Magic      | 1 |  1.1
Earth Magic    | 1 |  1.0
Summonings     | |  1.1
Translocations | |  1.1

Action                     |  1- 3 |  4- 6 |  7- 9 | 10-12 || total
---------------------------+-------+-------+-------+-------++-------
  Melee: Dagger            |    23 |    56 |    61 |    91 ||   231
         Punch             |       |       |     2 |     2 ||     4
   Cast: Magic Dart        |    82 |   122 |   136 |    77 ||   417
         Mephitic Cloud    |     1 |     8 |    39 |    38 ||    86
         Blink             |       |     2 |     3 |     2 ||     7
         Call Imp          |       |     2 |       |     5 ||     7
         Ignite Poison     |       |       |    19 |    22 ||    41
         Freezing Cloud    |       |       |     5 |    17 ||    22
         Stone Arrow       |       |       |       |     3 ||     3
   Stab: Sleeping          |     1 |       |       |       ||     1
         Confused          |       |     3 |    11 |    10 ||    24
 Armour: Robe              |    13 |    45 |    38 |       ||    96
         Steam dragon scal |       |       |    19 |    36 ||    55
         Acid dragon scale |       |       |       |    31 ||    31
  Dodge: Dodged            |    27 |    37 |    74 |    61 ||   199

Table legend: (Time is in decaauts)
 A = Elapsed time spent in this place.
 B = Non-inter-level travel time spent in this place.
 C = Inter-level travel time spent in this place.
 D = Time resting spent in this place.
 E = Time spent auto-exploring this place.
 F = Levels seen in this place.
 G = Mean time per level.
                   A        B        C        D        E       F      G
               +--------+--------+--------+--------+--------+-----+--------+
         Total |   9979 |   9718 |    261 |    277 |   7835 |  11 |  907.2 |
       Dungeon |   9979 |   9718 |    261 |    277 |   7835 |  11 |  907.2 |
               +--------+--------+--------+--------+--------+-----+--------+

Top non-repeatable levels by time:
     D:1: 1331 daAuts
     D:4: 1181 daAuts
     D:8: 1118 daAuts
     D:7: 1025 daAuts
     D:2: 1024 daAuts
     D:9: 850 daAuts
    D:10: 848 daAuts
     D:5: 763 daAuts
     D:6: 681 daAuts
     D:3: 606 daAuts
    D:11: 545 daAuts
